 Dungeon Crawl Stone Soup version 0.24.0-123-gd5b16e6ec5 (webtiles) character file.

Game seed: 11824727038825785523, levelgen mode: deterministic

7483 glosham the Thaumaturge (level 10, -3/70 HPs)
             Began as a Mummy Abyssal Knight on Jan 15, 2020.
             Was a High Priest of Lugonu.
             Killed by the air
             ... invoked by Gastronok
              (17 damage)
             ... on level 10 of the Dungeon.
             The game lasted 02:52:25 (8913 turns).

glosham the Thaumaturge (Mummy Abyssal Knight)      Turns: 8913, Time: 02:52:25

Health: -3/70      AC: 12    Str: 15    XL:     10   Next: 94%
Magic:  1/27       EV: 11    Int: 15    God:    Lugonu [*****.]
Gold:   98         SH:  0    Dex: 12    Spells: 25/36 levels left

rFire    x . .     SeeInvis .   a - +5 spear
rCold    + . .     Gourm    .   (no shield)
rNeg     + + +     Faith    .   X - +0 steam dragon scales
rPois    ∞         Spirit   .   U - +1 helmet
rElec    .         Reflect  .   Y - +1 cloak
rCorr    .         Harm     .   V - +2 pair of gloves
MR       +....                  (no boots)
Stlth    +.........             (no amulet)
HPRegen  0.21/turn              (no ring)
MPRegen  0.20/turn              B - ring of flight

@: slowed, very slow
A: no food or potions, fire vulnerability, cold resistance 1, negative energy
resistance 3, torment resistance, unbreathing
a: Depart the Abyss, Bend Space, Banish, Corrupt, Enter the Abyss, Renounce
Religion, Evoke Flight


You were on level 10 of the Dungeon.
You worshipped Lugonu.
Lugonu was extremely pleased with you.
You were not hungry.

You visited 2 branches of the dungeon, and saw 11 of its levels.
You visited the Abyss 1 time.

You collected 458 gold pieces.
You spent 360 gold pieces at shops.

Inventory:

Hand Weapons
 a - a +5 spear (weapon)
 b - a +0 war axe
 c - a +0 hand crossbow
 d - a +0 trident
 o - a +2 dagger of draining
 r - a +0 shortbow
 s - a +0 dagger of flaming
 x - a +0 long sword
 z - a +1 hunting sling of flaming
 C - a +0 hunting sling
 G - a +0 scimitar
 I - a +0 quarterstaff
 J - a +3 halberd
 K - a +4 battleaxe
 M - a cursed -1 scimitar
Missiles
 f - 27 boomerangs
 h - 105 sling bullets
 i - 115 bolts
 q - 9 javelins (quivered)
 u - 222 stones
 v - 61 arrows
 w - 12 poisoned darts
 E - a throwing net
 F - 2 silver javelins
Armour
 D - a +1 robe of fire resistance
 H - a +0 plate armour
 R - a +0 troll leather armour
 U - a +1 helmet (worn)
 V - a +2 pair of gloves (worn)
 X - +0 steam dragon scales (worn)
 Y - a +1 cloak (worn)
Magical Staves
 e - an uncursed staff of poison
Jewellery
 B - a ring of flight (right hand)
Wands
 g - a wand of polymorph (2)
 t - a wand of flame (33)
 L - a wand of random effects (36)
Scrolls
 j - 2 scrolls of immolation
 k - 7 scrolls of teleportation
 l - a scroll of blinking
 m - 2 scrolls of fog
 n - 2 scrolls of fear
 y - 2 scrolls of noise
 A - a scroll of amnesia
 O - a scroll of vulnerability


   Skills:
 - Level 3.0 Fighting
 - Level 1.5 Polearms
 - Level 1.5 Armour
 - Level 0.7 Dodging
 * Level 13.6 Spellcasting
 * Level 11.7 Necromancy
 - Level 1.5 Invocations


You had 25 spell levels left.
You knew the following spells:

 Your Spells              Type           Power        Failure   Level  Hunger
m - Mephitic Cloud        Conj/Pois/Air  ##......     21%         3    N/A
v - Vampiric Draining     Necr           #####.....   1%          3    N/A
z - Pain                  Necr           ####         1%          1    N/A
Z - Animate Dead          Necr           N/A          1%          4    N/A

Your spell library contained the following spells:

 Spells                   Type           Power        Failure   Level  Hunger
 Animate Skeleton         Necr           N/A          1%          1    N/A
 Corona                   Hex            ##.....      7%          1    N/A
 Sting                    Conj/Pois      ##..         7%          1    N/A
 Ensorcelled Hibernation  Hex/Ice        ##....       11%         2    N/A
 Poisonous Vapours        Pois/Air       ##....       11%         2    N/A
 Confuse                  Hex            ##......     21%         3    N/A
 Dazzling Spray           Conj/Hex       ##....       21%         3    N/A
 Tukima's Dance           Hex            ##......     21%         3    N/A
 Olgreb's Toxic Radiance  Pois           ##......     56%         4    N/A
 Venom Bolt               Conj/Pois      ##........   88%         5    N/A
 Regeneration             Chrm/Necr      Unusable     N/A         3    N/A

Dungeon Overview and Level Annotations

Branches:
Dungeon (10/15)            Temple (1/1) D:5
   Lair: D:8-11         Orc: D:9-12

Altars:
Ashenzari
Cheibriados
Dithmenos
Elyvilon
Fedhas
Gozag
Hepliaklqana
Kikubaaqudgha
Makhleb
Nemelex Xobeh
Okawaru
Qazlal
Ru
Sif Muna
Trog
Uskayaw
Vehumet
Wu Jian
Xom
Yredelemnul
Zin
The Shining One

Shops:
D:8 *

Annotations:
D:4 3 runed translucent doors, bl4d3's ghost, amateur DEFE
D:10 Gastronok


Innate Abilities, Weirdness & Mutations

You do not eat or drink.
Your flesh is vulnerable to fire.
You are immune to poison.
Your flesh is cold resistant. (rC+)
You are immune to negative energy. (rN+++)
You are immune to unholy pain and torment.
You can survive without breathing.


Message History

Aim: Gastronok, wearing a +1 hat of magic resistance (almost dead, covering ground quickly)
The puff of flame hits Gastronok but does no damage.
Gastronok is almost dead.
The rat closely misses you. Gastronok bites you!!
The rat bites you but does no damage. x2
Evoke which item? (* to show all) (? for menu, Esc to quit)
Aiming: Throw Flame
Press: ? - help, Shift-Dir - straight line, f/p - Gastronok
Aim: Gastronok, wearing a +1 hat of magic resistance (almost dead, covering ground quickly)
The puff of flame hits Gastronok.
Gastronok is almost dead.
The rat barely misses you. The rat bites you but does no damage.
Gastronok bites you!
* * * LOW HITPOINT WARNING * * *
The rat bites you but does no damage.
As you read the scroll of fear, it crumbles to dust.
You assume a fearsome visage.
Gastronok looks frightened!
The rat looks frightened! x2
Casting: Vampiric Draining (safe; 1% risk of failure)
Confirm with . or Enter, or press ? or * to list all spells.
Aiming: Pain (safe; 1% risk of failure)
Press: ? - help, Shift-Dir - straight line, f/p - Gastronok
Aim: Gastronok, wearing a +1 hat of magic resistance (almost dead, covering ground quickly, fleeing, chance to defeat MR: 10%)
Your attack snaps Gastronok out of his fear.
Gastronok resists with almost no effort.
Evoke which item? (* to show all) (? for menu, Esc to quit)
Aiming: Throw Flame
Press: ? - help, Shift-Dir - straight line, f/p - Gastronok
Aim: Gastronok, wearing a +1 hat of magic resistance (almost dead, covering ground quickly, fleeing)
The puff of flame hits Gastronok.
Gastronok is almost dead.
Evoke which item? (* to show all) (? for menu, Esc to quit)
Aiming: Throw Flame
Press: ? - help, Shift-Dir - straight line, f/p - Gastronok
Aim: Gastronok, wearing a +1 hat of magic resistance (almost dead, covering ground quickly, fleeing)
The puff of flame hits Gastronok.
Gastronok is almost dead.
Gastronok waves his eye-stalks in wide circles.
The air twists around and strikes you!
You die...

##############
...w.........
..........#
#@..# #...#
#...# #...#
#...# #..r#
#...# #...#
#...#


You could see Gastronok (fleeing) and a rat (fleeing).

Vanquished Creatures
  A two-headed ogre (D:9)
  The ghost of kernmantle the Covert, a novice OpWn of Vehumet (D:9)
  A meliai (D:10)
  2 trolls
  5 yaks (D:9)
  A steam dragon (D:8)
  Menkaure (D:4)
  Duvessa (D:4)
  A water moccasin (D:9)
  3 orc warriors
  3 ice beasts
  A sky beast (D:7)
  A necrophage (D:6)
  2 phantoms
  5 ogres
  3 centaurs
  A crocodile (D:9)
  A big kobold (D:7)
  Blork the orc (D:4)
  Dowan (D:4)
  6 bullfrogs
  3 scorpions
  A water moccasin skeleton (D:8)
  6 killer bees
  5 wights
  3 howler monkeys
  4 crimson imps
  2 centaur zombies
  A bullfrog zombie (D:5)
  3 hounds
  A jelly (D:8)
  12 orc wizards
  2 bullfrog skeletons
  5 orc priests
  2 iguanas
  Ijyb (D:3)
  6 worker ants
  Robin (D:2)
  A howler monkey zombie (D:5)
  6 gnolls
  13 adders
  2 shadow imps (D:6)
  An ooze (D:3)
  3 adder skeletons
  2 adder zombies
  5 worms
  3 dart slugs
  3 leopard geckos
  30 orcs
  4 giant cockroaches
  8 hobgoblins
  5 jackals
  3 quokkas
  3 ball pythons (D:2)
  3 bats
  10 frilled lizards
  15 goblins
  21 kobolds
  A quokka zombie (D:7)
  8 rats
250 creatures vanquished.

Vanquished Creatures (collateral kills)
  A hippogriff (D:9)
  A yak (D:9)
  An orc (D:8)
3 creatures vanquished.

Vanquished Creatures (others)
  An orc wizard (D:5)
1 creature vanquished.

Grand Total: 254 creatures vanquished

Notes
Turn   | Place    | Note
-------+----------+-------------------------------------------
     0 | Abyss:1  | glosham the Mummy Abyssal Knight began the quest for the
                  | Orb.
     0 | Abyss:1  | Reached XP level 1. HP: 18/18 MP: 2/2
    10 | Abyss:1  | Found a shimmering blue altar of Sif Muna.
    12 | Abyss:1  | Noticed a purple draconian knight
    31 | Abyss:1  | Identified the Guide on Evil Rites
    33 | D:1      | Escaped the Abyss
   104 | D:1      | Learned a level 1 spell: Pain
   124 | D:1      | Reached skill level 1 in Spellcasting
   179 | D:1      | Reached * piety under Lugonu
   215 | D:1      | Reached XP level 2. HP: 15/24 MP: 0/4
   250 | D:1      | Reached skill level 1 in Necromancy
   367 | D:1      | Reached skill level 2 in Spellcasting
   625 | D:1      | Reached XP level 3. HP: 29/29 MP: 6/6
   795 | D:2      | Reached skill level 2 in Necromancy
   829 | D:2      | Reached ** piety under Lugonu
   832 | D:2      | Found a faded altar of an unknown god.
   954 | D:2      | Reached skill level 3 in Spellcasting
   975 | D:2      | Noticed Robin
  1159 | D:2      | HP: 1/29 [adder (3)]
  1161 | D:2      | Reached XP level 4. HP: 1/35 MP: 0/8
  1561 | D:2      | Killed Robin
  1880 | D:2      | Noticed an ogre
  1896 | D:2      | Reached skill level 3 in Necromancy
  2100 | D:2      | Reached skill level 4 in Spellcasting
  2100 | D:2      | Reached XP level 5. HP: 24/41 MP: 0/11
  2509 | D:2      | Killed an ogre
  2698 | D:3      | Reached skill level 4 in Necromancy
  2698 | D:3      | Reached XP level 6. HP: 43/47 MP: 13/13
  2740 | D:3      | Reached skill level 5 in Spellcasting
  2814 | D:3      | Noticed Ijyb
  2826 | D:3      | Killed Ijyb
  3373 | D:3      | Reached skill level 6 in Spellcasting
  3373 | D:3      | Reached skill level 5 in Necromancy
  3373 | D:3      | Reached XP level 7. HP: 49/52 MP: 9/16
  3502 | D:3      | Reached *** piety under Lugonu
  3757 | D:4      | Noticed Duvessa
  3770 | D:4      | Noticed Menkaure
  3837 | D:4      | Noticed Dowan
  3974 | D:4      | Found a runed translucent gate.
  3974 | D:4      | Found a runed translucent gate.
  3974 | D:4      | Found a runed translucent gate.
  3974 | D:4      | Noticed bl4d3's ghost (amateur DEFE)
  4010 | D:4      | Killed Menkaure
  4010 | D:4      | Reached skill level 7 in Spellcasting
  4129 | D:4      | Noticed Blork the orc
  4142 | D:4      | Killed Blork the orc
  4142 | D:4      | Reached skill level 6 in Necromancy
  4317 | D:4      | Killed Duvessa
  4317 | D:4      | Reached XP level 8. HP: 27/58 MP: 8/19
  4396 | D:4      | Killed Dowan
  4467 | D:4      | Reached skill level 8 in Spellcasting
  4521 | D:5      | Entered Level 5 of the Dungeon
  4537 | D:5      | Noticed a troll
  4561 | D:5      | Killed a troll
  4561 | D:5      | Reached skill level 7 in Necromancy
  4806 | D:5      | Reached skill level 9 in Spellcasting
  4903 | D:5      | Learned a level 3 spell: Mephitic Cloud
  5079 | D:5      | Found a staircase to the Ecumenical Temple.
  5255 | D:5      | Reached **** piety under Lugonu
  5337 | D:5      | Reached skill level 8 in Necromancy
  5407 | D:6      | Noticed a gargoyle
  5458 | Temple   | Entered the Ecumenical Temple
  5595 | D:5      | Reached XP level 9. HP: 21/63 MP: 13/22
  5654 | D:5      | Reached skill level 10 in Spellcasting
  5898 | D:6      | Found a blossoming altar of Fedhas.
  5898 | D:6      | Found a snail-covered altar of Cheibriados.
  5907 | D:6      | Found a faded altar of an unknown god.
  5909 | D:6      | Found a sparkling altar of Nemelex Xobeh.
  5910 | D:6      | Found a burning altar of Makhleb.
  6384 | D:6      | Reached skill level 9 in Necromancy
  6482 | D:7      | Found an opulent altar of Gozag.
  6561 | D:6      | Reached skill level 11 in Spellcasting
  6746 | D:7      | Found a hide-covered altar of Uskayaw.
  6852 | D:7      | Learned a level 3 spell: Vampiric Draining
  6857 | D:7      | Learned a level 4 spell: Animate Dead
  6891 | D:7      | Found a shimmering blue altar of Sif Muna.
  7096 | D:8      | Found Dap Foer's Assorted Antiques.
  7181 | D:8      | Reached skill level 10 in Necromancy
  7247 | D:8      | Found a bloodstained altar of Trog.
  7288 | D:8      | Reached XP level 10. HP: 50/70 MP: 8/25
  7417 | D:8      | Reached ***** piety under Lugonu
  7563 | D:8      | Reached skill level 12 in Spellcasting
  7840 | D:8      | Bought a garnet ring for 120 gold pieces
  7840 | D:8      | Bought a glowing scimitar for 168 gold pieces
  7843 | D:8      | Bought a scroll of teleportation for 72 gold pieces
  7929 | D:9      | Found a hazy altar of Hepliaklqana.
  7989 | D:9      | Noticed kernmantle's ghost (novice OpWn)
  7999 | D:9      | Found a runed translucent door.
  8039 | D:9      | Killed kernmantle's ghost
  8310 | D:9      | Found a glowing golden altar of the Shining One.
  8328 | D:9      | Noticed a two-headed ogre
  8341 | D:9      | Killed a two-headed ogre
  8341 | D:9      | Reached skill level 13 in Spellcasting
  8341 | D:9      | Reached skill level 11 in Necromancy
  8795 | D:10     | Entered Level 10 of the Dungeon
  8803 | D:10     | Noticed Maurice
  8806 | D:10     | Noticed Maurice
  8806 | D:10     | Maurice changed into Maurice the meliai
  8812 | D:10     | Killed Maurice the meliai
  8885 | D:10     | Noticed Gastronok
  8913 | D:10     | Killed from afar by Gastronok

Levels and vault maps discovered:
D:1:      elethiomel_arrival_shortcut, layout_basic
D:2:      layout_basic, chequers_ecumenical_altar_simple_redux, first_ration,
          chequers_garden, minmay_fractal_squares_gapless_5, uniq_robin
D:3:      minmay_general_purpose_star, layout_basic, uniq_ijyb
D:4:      layout_cave_pools, ebering_ghost_rock_garden, nrook_mini_backslash,
          uniq_duvessa, uniq_blork_the_orc, uniq_menkaure
D:5:      layout_gridville, minmay_temple_entry_overgrown
D:6:      layout_rooms, chequers_temple_overflow_minitemple,
          serial_bayou_crossing
D:7:      layout_rooms, eat_drink_and_be_merry_uskayaw, kennysheep_mini_moat,
          basic_altar, grunt_ogre_cave
D:8:      layout_rooms, serial_shops, shop_statue, trog_three_pillars_becter
D:9:      layout_loops_cross, lemuel_crystal_altar, lemuel_doored_altar,
          hellmonk_ghost_happy_afterlife
D:10:     minmay_separated_statues, layout_long_grid, lair_entry_dummy,
          ebering_ghost_funeral_grove, uniq_gastronok, uniq_maurice
Temple:   eino_narrow_crystal_temple

Skill      XL: |  1  2  3  4  5  6  7  8  9 10 |
---------------+-------------------------------+-----
Spellcasting   | 1 2 3 4 6 7 9 11 13 | 13.6
Necromancy     | 1 2 3 4 5 6 8 10 11 | 11.7
Fighting       | |  3.0
Polearms       | |  1.5
Armour         | |  1.5
Dodging        | |  0.7
Invocations    | |  1.5

Action                   |  1- 3 |  4- 6 |  7- 9 | 10-12 || total
-------------------------+-------+-------+-------+-------++-------
Melee: Spear             |   148 |    59 |   205 |   158 ||   570
 Fire: Hunting sling     |       |    42 |    42 |       ||    84
       Hand crossbow     |       |       |     2 |    41 ||    43
Throw: Javelin           |       |     8 |     1 |       ||     9
 Cast: Pain              |    47 |    87 |   324 |    87 ||   545
       Vampiric Draining |       |       |     2 |    38 ||    40
       Animate Dead      |       |       |     1 |     6 ||     7
       Mephitic Cloud    |       |       |       |     1 ||     1
Invok: Depart the Abyss  |     1 |       |       |       ||     1
       Bend Space        |       |     5 |    15 |       ||    20
Evoke: Wand              |       |       |       |    18 ||    18
  Use: Scroll            |     5 |     4 |    11 |     8 ||    28
 Stab: Sleeping          |     1 |     1 |       |       ||     2
       Distracted        |       |       |       |     1 ||     1
Armor: Leather armour    |    39 |    31 |     1 |       ||    71
       Ring mail         |       |       |     8 |       ||     8
       Robe              |       |       |    92 |       ||    92
       Troll leather arm |       |       |    12 |    18 ||    30
       Steam dragon scal |       |       |       |    64 ||    64
Dodge: Dodged            |    63 |    58 |   177 |   106 ||   404

Table legend:
 A = Turns spent in this place as a percentage of turns spent in the entire game.
 B = Non-inter-level travel turns spent in this place as a percentage of non-inter-level travel turns spent in the entire game.
 C = Inter-level travel turns spent in this place as a percentage of turns spent in this place.
 D = Turns resting spent in this place as a percentage of non-inter-level travel turns spent in this place.
 E = Turns spent auto-exploring this place as a percentage of non-inter-level travel turns spent in this place.
 F = Non-inter-level travel turns spent in this place divided by the number of levels of this place that you've seen.
                   A       B       C       D       E      F
               +-------+-------+-------+-------+-------+----------------------
         Total | 100.0 | 100.0 |  13.0 |   4.5 |   2.7 | 646.5
       Dungeon |  98.7 |  98.5 |  13.1 |   4.6 |   2.8 | 764.2
        Temple |   0.9 |   1.1 |   1.2 |   0.0 |   0.0 |  83.0
         Abyss |   0.4 |   0.4 |   0.0 |   0.0 |   0.0 |  33.0
               +-------+-------+-------+-------+-------+----------------------

Table legend:
 A = Kills in this place as a percentage of kills in entire the game.
 B = Kills by you in this place as a percentage of kills by you in the entire game.
 C = Kills by friends in this place as a percentage of kills by friends in the entire game.
 D = Other kills in this place as a percentage of other kills in the entire game.
 E = Experience gained in this place as a percentage of experience gained in the entire game.
 F = Experience gained in this place divided by the number of levels of this place that you have seen.
                   A       B       C       D       E      F
               +-------+-------+-------+-------+-------+----------------------
         Total | 100.0 | 100.0 | 100.0 | 100.0 | 100.0 | 890.8
       Dungeon | 100.0 | 100.0 | 100.0 | 100.0 | 100.0 | 1069.0
               +-------+-------+-------+-------+-------+----------------------

Levels and vault maps discovered:
D:1:      elethiomel_arrival_shortcut, layout_basic
D:2:      layout_basic, chequers_ecumenical_altar_simple_redux, first_ration,
          chequers_garden, minmay_fractal_squares_gapless_5, uniq_robin
D:3:      minmay_general_purpose_star, layout_basic, uniq_ijyb
D:4:      layout_cave_pools, ebering_ghost_rock_garden, nrook_mini_backslash,
          uniq_duvessa, uniq_blork_the_orc, uniq_menkaure
D:5:      layout_gridville, minmay_temple_entry_overgrown
D:6:      layout_rooms, chequers_temple_overflow_minitemple,
          serial_bayou_crossing
D:7:      layout_rooms, eat_drink_and_be_merry_uskayaw, kennysheep_mini_moat,
          basic_altar, grunt_ogre_cave
D:8:      layout_rooms, serial_shops, shop_statue, trog_three_pillars_becter
D:9:      layout_loops_cross, lemuel_crystal_altar, lemuel_doored_altar,
          hellmonk_ghost_happy_afterlife
D:10:     minmay_separated_statues, layout_long_grid, lair_entry_dummy,
          ebering_ghost_funeral_grove, uniq_gastronok, uniq_maurice
Temple:   eino_narrow_crystal_temple
